Unix NetHack Version 5.0.0-0 post-release - last build May 23 2026 06:08:33 (1c0ff79ee797540d5714e4e18072db0edd9e58ae,branch:main).

Game began 2026-05-27 17:42:55, ended 2026-05-27 18:16:30.

CyberFan, chaotic female orcish Rogue

              ----
            ---..| --                   ---                ---
             ....--.----                |..-----         ---.--
              .........----            --...|..--       --....|           -----
             -............-- ---       |........|       |....-            |...|
             |.............. |.--      |........|       |....---          |..<|
            --..........  ..--..--     ----....--      --......------     |.---
            |......e..    --.....|       --....|       |.........|..      |.|
           --........   .--.(--.-|       |..----       |-.---....|.--------.|
            .......l-   -#..--|..--      |...|         |..| ---....|........|
            -.......|  --..-- --..|      |.|.|        --.-|   |........--.---
            |......-   |..-## ###.##  ---|.|.---      |.^.-----....%.......|
           --.....--  --.--     |`| #--..|.|...|     --....--..............|
        ----@......----..|      |.|  #...|.|--.|     |....0..............---
   -   --..@....-.-.....--      |.| --[^...| |.-------...................|
   -.......f........-----       |.--|..--..| |)..)[*)))|.................-
  |.............-----           |..---.|---# --...#-)---..............|....|
  --...--.....---               --....#|      ---#|..................-|....|
   ---- |.....|                  ---...|          --.......--.|.--.---|..---
        ---..--                    |..--           ------.----------  |..|
          ----                     ----                 ---           ----
CyberFan the Rogue      St:25 Dx:18 Co:16 In:10 Wi:12 Ch:9  Chaotic
Dlvl:6  $:58 HP:0(47) Pw:19(19) AC:0  Xp:6/633 T:5375 

Latest messages:
 You start digging.
 You hit the rock with all your might.
 Donkey drops a hard hat.
 You make an opening in the wall.
 What do you want to wield? [- aiCFIV or ?*]
 F - 3 daggers (wielded).
 b - an oak wand.
 Your candle is getting short.
 What do you want to write with? [- abiltxyACDFIPRVZ or ?*]
 You write in the dust with your fingertip.
 What do you want to write with? [- abiltxyACDFIPRVZ or ?*]
 A lit field surrounds you!
 Do you want to add to the current engraving? [ynq] (y)
 You add to the writing in the dust with a wand of light.
 The newt misses!
 You kill the newt!
 There is a newt corpse here; eat it? [ynq] (n)
 This newt corpse tastes okay.
 You finish eating the newt corpse.
 You descend the stairs.
 You hear a door open.
 You hear a door open.
 You swap places with donkey.
 You hear a door open.
 In what direction?
 You throw 2 orcish daggers named ammo.
 The 1st orcish dagger named ammo hits the watch captain!
 The watch captain gets angry!
 You hear the shrill sound of guards' whistles.
 The 2nd orcish dagger named ammo misses the watch captain.
 The gnome lord picks up 2 uncursed +0 orcish daggers named ammo.
 The gnome lord throws an orcish dagger named ammo!
 The orcish dagger named ammo hits the watch captain.
 The gnome lord picks up an uncursed +0 orcish dagger named ammo.
 You climb up the stairs.
 You descend the stairs.
 Donkey bites the gnome lord.
 The watch captain wields a long sword!
 You miss the watch captain.
 The watch captain swings his long sword.
 The watch captain hits!
 The watch captain swings his long sword.
 The watch captain hits again!
 The gnome lord wields 2 uncursed +0 orcish daggers named ammo!
 You climb up the stairs.
 The watch captain swings his long sword.
 The watch captain hits!
 The watch captain swings his long sword.
 The watch captain hits again!
 You die...

Inventory:
 Coins    ('$')
  $ - 58 gold pieces
 Weapons  (')')
  I - 2 blessed +0 darts
  C - 18 uncursed +0 darts
  V - a cursed -1 dart
  F - 3 uncursed +0 daggers (wielded)
  a - an uncursed +0 dwarvish mattock
 Armor    ('[')
  Q - a blessed +1 orcish helm (being worn)
  o - an uncursed +0 pair of gauntlets of power (being worn)
  G - a cursed -1 pair of iron shoes (being worn)
  H - an uncursed +0 dwarvish cloak (being worn)
  X - a blessed +0 dwarvish mithril-coat (being worn)
 Scrolls  ('?')
  w - an uncursed scroll of blank paper
  u - an uncursed scroll of confuse monster
  n - 3 uncursed scrolls of create monster
  O - an uncursed scroll of enchant armor
  S - a blessed scroll of enchant weapon
  K - a cursed scroll of food detection
  W - an uncursed scroll of genocide
  z - an uncursed scroll of identify
  U - a cursed scroll of magic mapping
  B - an uncursed scroll of stinking cloud
  v - 3 uncursed scrolls of teleportation
 Potions  ('!')
  p - a blessed potion of blindness
  N - a cursed potion of blindness
  L - an uncursed potion of confusion
  T - an uncursed potion of gain energy
  M - 2 uncursed potions of gain level
  j - an uncursed potion of healing
  k - a cursed potion of healing
  s - a blessed potion of object detection
  r - an uncursed potion of object detection
  d - 2 uncursed potions of sickness
 Rings    ('=')
  l - a cursed ring of teleportation
 Wands    ('/')
  b - an uncursed wand of light (0:14)
  x - an uncursed wand of light (0:12)
 Tools    ('(')
  f - an empty uncursed sack
  J - an empty uncursed sack
  e - an uncursed lock pick
  Y - a cursed partly used tallow candle (lit)
 Gems/Stones  ('*')
  A - an uncursed amber stone
  P - an uncursed chrysoberyl stone
  y - 2 uncursed worthless pieces of black glass
  Z - an uncursed worthless piece of orange glass
  D - 2 uncursed worthless pieces of red glass
  R - an uncursed worthless piece of white glass
  t - 2 uncursed worthless pieces of yellowish brown glass

CyberFan the Rogue's attributes:

Background:
 You were a Rogue, level 6 female orc.
 You were chaotic, nominally on a mission for Kos
 who was opposed by Issek (lawful) and Mog (neutral).
 You were right-handed.
 You were in the Gnomish Mines, on level 6.
 You entered the dungeon 5375 turns ago.
 You had 633 experience points, 7 more were needed to attain level 7.

Basics:
 You had 0 out of 47 hit points.
 You had all 19 energy points (spell power).
 Your armor class was 0.
 Your wallet contained 58 zorkmids.
 Autopickup was on for '$%?!"=/*' plus thrown, with exceptions.

Final Characteristics:
 Your strength was 25 (base:12, innate limit:18/50).
 Your dexterity was 18 (limit:18).
 Your constitution was 16 (limit:18).
 Your intelligence was 10 (limit:16).
 Your wisdom was 12 (limit:16).
 Your charisma was 9 (limit:16).

Final Status:
 You weren't hungry.
 You were unencumbered.
 You were wielding daggers.
 You were skilled in dagger.

Final Attributes:
 You were piously aligned.
 Your items were somewhat protected from fire.
 Your items were somewhat protected from cold.
 You were poison resistant.
 You were telepathic.
 You had infravision.
 You were stealthy.
 You were guarded.
 You are dead.

Miscellaneous:
 You disabled loading and storing of bones levels.
 Total elapsed playing time was 33 minutes and 34 seconds.

Major events:
 Turn
    1: CyberFan the chaotic female orcish Rogue entered the dungeon
  889: attained the rank of Cutpurse (level 3)
 3846: attained the rank of Rogue (level 6)
 4958: entered the Gnomish Mines
 5358: reached Mine Town
 5375: killed by a watch captain

You didn't know any spells.

Skills:
 Fighting Skills
   bare handed combat [Unskilled]
   two weapon combat  [Unskilled]
   riding             [Unskilled]
 Weapon Skills
   dagger             [Skilled]
   knife              [Unskilled]
   short sword        [Basic]
   broadsword         [Unskilled]
   long sword         [Unskilled]
   two-handed sword   [Unskilled]
   saber              [Unskilled]
   club               [Unskilled]
   mace               [Unskilled]
   morning star       [Unskilled]
   flail              [Unskilled]
   hammer             [Unskilled]
   polearms           [Unskilled]
   spear              [Unskilled]
   crossbow           [Unskilled]
   dart               [Unskilled]
   shuriken           [Unskilled]
 Spellcasting Skills
   divination spells  [Unskilled]
   escape spells      [Unskilled]
   matter spells      [Unskilled]

Voluntary challenges:
 Character rerolling was not enabled.
 You were an atheist.
 You never genocided any monsters.
 You never polymorphed an object.
 You never changed form.
 You used no wishes.
Achievements:
 You entered a shop.
 You attained the rank of Cutpurse.
 You attained the rank of Rogue.
 You entered the Gnomish Mines.
 You entered Minetown.

 The Dungeons of Doom: levels 1 to 7
    Level 1:
       A fountain.
    Level 2:
       A general store.
    Level 3:
       A bookstore.
    Level 4:
       A general store, some fountains.
       Stairs down to The Gnomish Mines.
    Level 5:
       An armor shop.
    Level 6:
       A fountain.
    Level 7:
 The Gnomish Mines: levels 5 to 7
    Level 5:
    Level 6: <- You were here.
       Final resting place for
          you, killed by a watch captain.
    Level 7:


Vanquished creatures:
  a leprechaun
  a giant spider
  a dingo
  a wood nymph
  a rock piercer
  2 fog clouds
  a yellow light
  a shrieker
  3 gnome leaders
  4 floating eyes
  a kitten
  6 dwarves
  a kobold shaman
  a hill orc
  5 rothes
  6 dwarf zombies
  a wererat
  4 iguanas
 an acid blob
  6 coyotes
  3 gas spores
  a hobbit
  4 cave spiders
  2 yellow molds
  2 red molds
 13 gnomes
  a garter snake
  7 geckos
  5 jackals
  a fox
  a kobold
  a goblin
  2 sewer rats
  3 grid bugs
  2 bats
  9 lichens
  a kobold zombie
 11 newts
117 creatures vanquished.

No species were genocided or became extinct.

Game over:
                       ----------
                      /          \
                     /    REST    \
                    /      IN      \
                   /     PEACE      \
                  /                  \
                  |     CyberFan     |
                  |      58 Au       |
                  |   killed by a    |
                  |  watch captain   |
                  |                  |
                  |                  |
                  |       2026       |
                 *|     *  *  *      | *
        _________)/\\_//(\/(/\)/\//\/|_)_______

Goodbye CyberFan the Rogue...

You died in The Gnomish Mines on dungeon level 6 with 2905 points,
and 58 pieces of gold, after 5375 moves.
You were level 6 with a maximum of 47 hit points when you died.

